 Dungeon Crawl Stone Soup version 0.29-a0-284-gf9362112df (webtiles) character file.

Game seed: 6052006565712964807

942 epen the Quickloader (level 8, -5/63 HPs)
             Began as a Gnoll Hunter on Mar 14, 2022.
             Was a Priest of Makhleb.
             Slain by an orc warrior
             ... wielding a +0 glaive
              (12 damage)
             ... on level 6 of the Dungeon.
             The game lasted 00:05:13 (4546 turns).

epen the Quickloader (Gnoll Hunter)                 Turns: 4546, Time: 00:05:13

Health: -5/63      AC:  4    Str: 11    XL:     8   Next: 12%
Magic:  12/12      EV: 15    Int:  8    God:    Makhleb [***...]
Gold:   202        SH:  0    Dex: 18    Spells: 13/13 levels left

rFire   . . .      SeeInvis .   a - +1 hand crossbow
rCold   + . .      Faith    .   (no shield)
rNeg    . . .      Spirit   .   k - +2 robe {Will+}
rPois   .          Reflect  .   (no helmet)
rElec   .          Harm     .   e - scarf {shadows}
rCorr   .          Rampage  .   (no gloves)
Will    +....                   (no boots)
Stlth   +++.......              (no amulet)
HPRegen 0.20/turn               r - ring of protection from cold
MPRegen 0.13/turn               x - ring of flight

@: flying
A: fangs 1, strong nose, distributed training
a: Renounce Religion, Minor Destruction, Lesser Servant of Makhleb


You were on level 6 of the Dungeon.
You worshipped Makhleb.
Makhleb was most pleased with you.
You visited 1 branch of the dungeon, and saw 6 of its levels.

You collected 202 gold pieces.

Inventory:

Hand Weapons
 a - a +1 hand crossbow (weapon)
Armour
 b - a +0 leather armour
 e - a scarf of shadows (worn)
 k - a +2 robe of willpower (worn)
Jewellery
 r - a ring of protection from cold (left hand)
 t - a ring of fire
 x - a ring of flight (right hand)
Scrolls
 c - a scroll of immolation
 f - a scroll of vulnerability {unknown}
 m - a scroll of teleportation
 n - 2 scrolls of enchant weapon {unknown}
 o - 2 scrolls of enchant armour {unknown}
 p - 2 scrolls of noise {unknown}
 q - a scroll of magic mapping {unknown}
 s - a scroll of silence {unknown}
 u - 3 scrolls of identify
 v - a scroll of torment {unknown}
 y - a scroll of brand weapon {unknown}
 z - a scroll of amnesia {unknown}
Potions
 d - 3 potions of flight {unknown}
 g - 2 potions of degeneration {unknown}
 h - 2 potions of curing
 i - 4 potions of mutation {unknown}
 j - 2 potions of cancellation {unknown}
 l - a potion of lignification {unknown}
 w - a potion of resistance {unknown}


   Skills:
 + Level 5.5 Fighting
 + Level 3.0 Short Blades
 + Level 3.0 Long Blades
 + Level 3.0 Axes
 + Level 3.0 Maces & Flails
 + Level 3.0 Polearms
 + Level 3.0 Staves
 + Level 3.0 Slings
 + Level 3.0 Bows
 + Level 9.1 Crossbows
 + Level 3.0 Throwing
 + Level 3.0 Armour
 + Level 5.5 Dodging
 + Level 3.8 Stealth
 + Level 3.0 Shields
 + Level 3.0 Unarmed Combat
 + Level 3.0 Spellcasting
 + Level 2.4 Conjurations
 + Level 2.4 Hexes
 + Level 2.4 Summonings
 + Level 2.4 Necromancy
 + Level 2.4 Translocations
 + Level 2.4 Transmutations
 + Level 2.4 Fire Magic
 + Level 2.4 Ice Magic
 + Level 2.4 Air Magic
 + Level 2.4 Earth Magic
 + Level 2.4 Poison Magic
 + Level 3.3 Invocations
 + Level 3.0 Evocations


You had 13 spell levels left.
You didn't know any spells.
Your spell library contained the following spells:

 Spells                   Type           Power      Damage    Failure   Level
 Magic Dart               Conj           20%        1d4       12%         1
 Shock                    Conj/Air       20%        1d4       12%         1
 Call Imp                 Summ           5%         N/A       19%         2
 Static Discharge         Conj/Air       5%         N/A       19%         2
 Mephitic Cloud           Conj/Pois/Air  5%         N/A       34%         3
 Swiftness                Air            5%         N/A       34%         3
 Airstrike                Air            2%         N/A       75%         4
 Blade Hands              Tmut           2%         N/A       97%         5


Dungeon Overview and Level Annotations

Branches:
Dungeon (6/15)
 Temple: D:4-7

Altars:
Makhleb

Shops:
D:4 =


Innate Abilities, Weirdness & Mutations

You have very sharp teeth.
Your uncanny sense of smell can sniff out nearby items.
Your experience applies equally to all skills.


Message History

The bolt hits the orc warrior but does no damage.
The orc warrior is heavily wounded.
The orc warrior closely misses you.
You shoot a bolt. The bolt hits the orc warrior.
The orc warrior is severely wounded.
The orc warrior hits you from afar with a +0 glaive!!
You are too injured to fight recklessly!
You are too injured to fight recklessly!
You are too injured to fight recklessly!
You are too injured to fight recklessly!
You are too injured to fight recklessly!
You are too injured to fight recklessly!
You are too injured to fight recklessly!
You are too injured to fight recklessly!
You are too injured to fight recklessly!
You are too injured to fight recklessly!
You are too injured to fight recklessly!
You are too injured to fight recklessly!
You are too injured to fight recklessly!
You are too injured to fight recklessly!
You are too injured to fight recklessly!
Shoot: a) +1 hand crossbow
Press: ? - help, Shift-Dir - straight line, f/p - orc warrior
Aim: an orc warrior, wielding a +0 glaive and wearing a +0 chain mail (severely wounded, 66% to hit)
You shoot a bolt.
The bolt hits the orc warrior but does no damage.
The orc warrior is severely wounded.
The orc warrior hits you from afar with a +0 glaive!
* * * LOW HITPOINT WARNING * * *
Shoot: a) +1 hand crossbow
Press: ? - help, Shift-Dir - straight line, f/p - orc warrior
Aim: an orc warrior, wielding a +0 glaive and wearing a +0 chain mail (severely wounded, 66% to hit)
You shoot a bolt.
The bolt hits the orc warrior but does no damage.
The orc warrior is severely wounded.
The orc wizard mumbles some strange words.
The orc wizard flickers and vanishes!
Deactivating autopickup; reactivate with Ctrl-A.
The orc warrior hits you from afar with a +0 glaive!
You die...

#<#...# #.#...#
#.#.....#
#.###.#.# #.#
#.#.# o#########.#
#.#.# ...o.....#.#
#.#.# ....†.o#.#.#
#.#.# ######o#.#@#
#.#.# .........#.#
#.#.# ######.#.#o#
#.# .......o.o{#
#.#
######.#.......#.#
#.#########.#
#...........#
#############


You could see an orc warrior and an orc.

Vanquished Creatures
  Grinder (D:5)
  Edmund (D:5)
  A phantom (D:4)
  2 scorpions (D:5)
  A necrophage (D:5)
  A howler monkey (D:5)
  A jelly (D:5)
  2 hounds
  2 orc wizards (D:5)
  5 adders
  4 gnolls (D:4)
  A white imp (D:6)
  An ufetubus (D:3)
  2 worms
  7 dart slugs
  3 orcs
  7 endoplasms
  A giant cockroach (D:1)
  8 hobgoblins
  7 jackals
  4 kobolds
  3 quokkas
  8 ball pythons
  5 bats
  4 frilled lizards
  9 goblins
  4 rats
95 creatures vanquished.

Notes
Turn   | Place    | Note
-------+----------+-------------------------------------------
     0 | D:1      | epen the Gnoll Hunter began the quest for the Orb.
     0 | D:1      | Reached XP level 1. HP: 20/20 MP: 1/1
   101 | D:1      | Reached XP level 2. HP: 26/26 MP: 2/2
   278 | D:1      | Found a faded altar of an unknown god.
   354 | D:1      | Prayed at the altar of an unknown god.
   354 | D:1      | Became a worshipper of Makhleb the Destroyer
   354 | D:1      | Reached * piety under Makhleb
   444 | D:1      | Reached XP level 3. HP: 31/31 MP: 3/3
   785 | D:2      | You fall into a shaft and drop 2 floors!
   785 | D:4      | Noticed a phantom
   972 | D:3      | Reached skill level 1 in Invocations
  1121 | D:2      | Reached skill level 1 in Short Blades
  1121 | D:2      | Reached skill level 1 in Long Blades
  1121 | D:2      | Reached skill level 1 in Axes
  1121 | D:2      | Reached skill level 1 in Maces & Flails
  1121 | D:2      | Reached skill level 1 in Polearms
  1121 | D:2      | Reached skill level 1 in Staves
  1121 | D:2      | Reached skill level 1 in Slings
  1121 | D:2      | Reached skill level 1 in Bows
  1121 | D:2      | Reached skill level 1 in Throwing
  1121 | D:2      | Reached skill level 1 in Armour
  1121 | D:2      | Reached skill level 1 in Shields
  1121 | D:2      | Reached skill level 1 in Unarmed Combat
  1121 | D:2      | Reached skill level 1 in Spellcasting
  1121 | D:2      | Reached skill level 1 in Evocations
  1121 | D:2      | Reached XP level 4. HP: 28/38 MP: 5/5
  1267 | D:2      | Reached skill level 1 in Conjurations
  1267 | D:2      | Reached skill level 1 in Hexes
  1267 | D:2      | Reached skill level 1 in Summonings
  1267 | D:2      | Reached skill level 1 in Necromancy
  1267 | D:2      | Reached skill level 1 in Translocations
  1267 | D:2      | Reached skill level 1 in Transmutations
  1267 | D:2      | Reached skill level 1 in Fire Magic
  1267 | D:2      | Reached skill level 1 in Ice Magic
  1267 | D:2      | Reached skill level 1 in Air Magic
  1267 | D:2      | Reached skill level 1 in Earth Magic
  1267 | D:2      | Reached skill level 1 in Poison Magic
  1566 | D:2      | Reached ** piety under Makhleb
  1712 | D:2      | Reached XP level 5. HP: 43/43 MP: 6/6
  2689 | D:4      | Killed a phantom
  2690 | D:4      | Reached XP level 6. HP: 42/50 MP: 8/8
  2747 | D:4      | Found Deinax's Jewellery Shoppe.
  2838 | D:5      | Entered Level 5 of the Dungeon
  2953 | D:5      | Reached skill level 5 in Fighting
  2953 | D:5      | Reached skill level 5 in Dodging
  3151 | D:5      | Noticed Grinder
  3172 | D:5      | HP: 1/51 [Grinder (3)]
  3173 | D:5      | Paralysed by Grinder for 6 turns
  3447 | D:5      | Reached XP level 7. HP: 56/56 MP: 10/10
  3627 | D:5      | Noticed Edmund
  3647 | D:5      | HP: 2/56 [Edmund/+0 flail of holy wrath (8)]
  3650 | D:5      | Killed Edmund
  4020 | D:5      | Reached *** piety under Makhleb
  4021 | D:5      | Reached skill level 9 in Crossbows
  4294 | D:5      | Killed Grinder
  4295 | D:5      | Reached XP level 8. HP: 60/63 MP: 10/12
  4404 | D:5      | Got Qest's Volume of Gliding Transformation
  4546 | D:6      | Slain by an orc warrior

Illustrated notes

Levels and vault maps discovered:
D:1:      dpeg_arrival_erosion, layout_loops_cross,
          ebering_ecumenical_altar_webs, minmay_3d_cube
D:2:      layout_basic, minmay_misc_feat_tower, minmay_fractal_squares_5
D:3:      layout_rooms, kennysheep_generic_room_9
D:4:      layout_cave_pools, serial_shops, kennysheep_little_box,
          kennysheep_nondescript, glass_columns_a
D:5:      layout_gridville, hex_tiny, uniq_edmund, uniq_grinder
D:6:      layout_basic, uniq_duvessa

Skill      XL: |  1  2  3  4  5  6  7  8 |
---------------+-------------------------+-----
Invocations    | 1 2 3 |  3.3
Short Blades   | 1 2 3 |  3.0
Long Blades    | 1 2 3 |  3.0
Axes           | 1 2 3 |  3.0
Maces & Flails | 1 2 3 |  3.0
Polearms       | 1 2 3 |  3.0
Staves         | 1 2 3 |  3.0
Slings         | 1 2 3 |  3.0
Bows           | 1 2 3 |  3.0
Throwing       | 1 2 3 |  3.0
Armour         | 1 2 3 |  3.0
Shields        | 1 2 3 |  3.0
Unarmed Combat | 1 2 3 |  3.0
Spellcasting   | 1 2 3 |  3.0
Evocations     | 1 2 3 |  3.0
Conjurations   | 1 2 |  2.4
Hexes          | 1 2 |  2.4
Summonings     | 1 2 |  2.4
Necromancy     | 1 2 |  2.4
Translocations | 1 2 |  2.4
Transmutations | 1 2 |  2.4
Fire Magic     | 1 2 |  2.4
Ice Magic      | 1 2 |  2.4
Air Magic      | 1 2 |  2.4
Earth Magic    | 1 2 |  2.4
Poison Magic   | 1 2 |  2.4
Stealth        | 3 |  3.8
Fighting       | 5 |  5.5
Dodging        | 5 |  5.5
Crossbows      | 9 |  9.1

Action                   |  1- 3 |  4- 6 |  7- 9 || total
-------------------------+-------+-------+-------++-------
 Fire: Hand crossbow     |    84 |   183 |    97 ||   364
  Use: Scroll            |     2 |     2 |       ||     4
       Potion            |       |     4 |       ||     4
Armor: Leather armour    |     3 |       |       ||     3
       Robe              |       |    26 |     6 ||    32
Dodge: Dodged            |    20 |    74 |    47 ||   141

Table legend: (Time is in decaauts)
 A = Elapsed time spent in this place.
 B = Non-inter-level travel time spent in this place.
 C = Inter-level travel time spent in this place.
 D = Time resting spent in this place.
 E = Time spent auto-exploring this place.
 F = Levels seen in this place.
 G = Mean time per level.
                   A        B        C        D        E       F      G
               +--------+--------+--------+--------+--------+-----+--------+
         Total |   4575 |   4467 |    108 |    610 |   3172 |   6 |  762.5 |
       Dungeon |   4575 |   4467 |    108 |    610 |   3172 |   6 |  762.5 |
               +--------+--------+--------+--------+--------+-----+--------+

Top non-repeatable levels by time:
     D:5: 1645 daAuts
     D:1: 792 daAuts
     D:2: 725 daAuts
     D:3: 683 daAuts
     D:4: 656 daAuts
     D:6: 71 daAuts
